 Dungeon Crawl Stone Soup version 0.20-a0-942-ga5226df (webtiles) character file.

12 M4edhros the Grave Robber (level 2, -1/17 HPs)
             Began as an Octopode Necromancer on Apr 1, 2017.
             Shot with a stone by a goblin (6 damage)
             ... on level 3 of the Dungeon.
             The game lasted 00:00:58 (255 turns).

M4edhros the Grave Robber (Octopode Necromancer)     Turns: 255, Time: 00:00:59

Health: -1/17      AC:  1    Str:  7    XL:     2   Next: 33%
Magic:  5/5        EV: 13    Int: 17    God:
Gold:   19         SH:  0    Dex: 12    Spells: 3/5 levels left

rFire    . . .     SeeInvis .     - Unarmed
rCold    . . .     Gourm    .   (no shield)
rNeg     . . .     Faith    .   (helmet restricted)
rPois    .         Spirit   .   (no amulet)
rElec    .         Reflect  .   (no ring)
rCorr    .         Harm     .   (no ring)
MR       .....                  (no ring)
Stlth    +++.......             (no ring)
Regen    0.1/turn               (no ring)
MPRegen  0.1/turn               (no ring)
                                (no ring)
                                (no ring)

@: no status effects
A: almost no armour, stealthy swim, amphibious, 8 rings, constrict 8, camouflage
1, gelatinous body 1
a: no special abilities


You were on level 3 of the Dungeon.
You were not hungry.

You visited 1 branch of the dungeon, and saw 3 of its levels.

You collected 19 gold pieces.

Inventory:

Scrolls
 c - a scroll of remove curse {unknown}
 d - 2 scrolls of identify {unknown}
 e - a scroll of random uselessness {unknown}
 h - a scroll of enchant weapon {unknown}
 j - 3 scrolls of teleportation {unknown}
Potions
 i - a potion of haste {unknown}
Books
 a - a book of Necromancy

   Spells                             Type                      Level
   a - Pain                           Necromancy                   1
   b - Animate Skeleton               Necromancy                   1
   c - Vampiric Draining              Necromancy                   3
   d - Regeneration                   Charms/Necromancy            3
   e - Animate Dead                   Necromancy                   4
   f - Control Undead                 Necromancy                   4
Comestibles
 b - a bread ration
 f - a royal jelly
 g - a chunk of flesh
 k - a fruit


   Skills:
 - Level 2.0 Dodging
 - Level 2.6 Stealth
 + Level 1.9 Unarmed Combat
 - Level 2.0 Spellcasting
 - Level 4.0 Necromancy


You had 3 spell levels left.
You knew the following spells:

 Your Spells              Type           Power        Failure   Level  Hunger
a - Pain                  Necr           ###.         3%          1    #......
b - Animate Skeleton      Necr           N/A          3%          1    #......


Dungeon Overview and Level Annotations

Branches:
Dungeon (3/15)

Altars:


Innate Abilities, Weirdness & Mutations

You cannot wear most types of armour.
You are very stealthy in the water. (Stealth+)
You are amphibious.
You can wear up to eight rings at the same time.
You can use your tentacles to constrict eight enemies at once.
Your skin changes colour to match your surroundings (Stealth+).
Your rubbery body absorbs attacks. (AC +1, EV +1)


Message History

Found a stone staircase leading down.
Found 3 scrolls labeled DISAGOI HEWKAR and a scroll labeled XILU WELOWEI.
There is a stone staircase leading down here.
d - 2 scrolls labeled XILU WELOWEI (gained 1)
j - 3 scrolls labeled DISAGOI HEWKAR
There is a stone staircase leading down here.
You climb downwards.
Your mindless thrall stays behind.
Found a hand axe.
There is a stone staircase leading up here.
You see here a hand axe.
Found a stone staircase leading down.
Found a rapier and a fruit.
Found 16 bolts.
k - a fruit
Found a hunting sling.
A goblin comes into view. It is wielding a club.
The goblin shouts!
The goblin unwields an uncursed club.
The goblin wields a hunting sling.
The goblin shoots a stone.
The stone hits you.
You die...

#..####..####.# #..#
#.# #
##..####.#####.#
#..###...#..........
#........)......###
...###.#..........#
#
##(#####.#.#.######
..... ...#.#...g...
###########.@)......
####.##### #


You could see a goblin.

Vanquished Creatures
  An adder (D:2)
  A goblin (D:1)
  A quokka (D:2)
  A rat (D:1)
4 creatures vanquished.

Notes
Turn   | Place    | Note
-------+----------+-------------------------------------------
     0 | D:1      | M4edhros the Octopode Necromancer began the quest for the Orb.
     0 | D:1      | Reached XP level 1. HP: 11/11 MP: 3/3
   104 | D:2      | Reached skill level 1 in Unarmed Combat
   104 | D:2      | Reached XP level 2. HP: 6/17 MP: 0/5
   136 | D:2      | Learned a level 1 spell: Animate Skeleton
   255 | D:3      | Shot with a stone by a goblin

Vault maps used:
D:1:      minmay_arrival_checkered_box, serial_forest, infiniplex_forest_pool,
          infiniplex_forest_lined_room_2, infiniplex_forest_straight_2,
          infiniplex_forest_straight_2, infiniplex_forest_zigzag_1,
          infiniplex_forest_straight_2, infiniplex_forest_corner_2,
          lexackson_kobold_supper
D:2:      first_bread, minmay_pentomino_z2

Skill      XL: |  1 |
---------------+----+-----
Unarmed Combat | 1 |  1.9
Dodging        | |  2.0
Stealth        | |  2.6
Spellcasting   | |  2.0
Necromancy     | |  4.0

Action                   || total
-------------------------++-------
Melee: Unarmed           ||    10
       Constrict         ||     3
       Tentacles         ||     1
 Cast: Pain              ||     3
       Animate Skeleton  ||     1
 Stab: Sleeping          ||     1
Armor: Skin              ||     1
Dodge: Dodged            ||     4
